 Dungeon Sprint DCSS version 0.20.1-1-g8b1a95d (webtiles) character file.

5973 Kingsmith the Scorcher (level 10, -4/57 HPs)
             Began as a Tengu Fire Elementalist on Dec 14, 2017.
             Was the Champion of Vehumet.
             Shot with a bolt by a yaktaur (21 damage)
             ... in the Dungeon (Sprint V: "Ziggurat Sprint").
             The game lasted 00:08:39 (789 turns).

Kingsmith the Scorcher (Tengu Fire Elementalist)     Turns: 789, Time: 00:08:41

Health: -4/57      AC:  4    Str: 12    XL:     10   Next: 84%
Magic:  25/30      EV: 15    Int: 34    God:    Vehumet [******]
Gold:   0          SH:  0    Dex: 14    Spells: 6/28 levels left

rFire    . . .     SeeInvis .   J - +6 Majin-Bo {vamp, Archmagi MP+6 Int+6}
rCold    . . .     Gourm    .   (shield currently unavailable)
rNeg     . . .     Faith    .   N - +0 troll leather armour
rPois    .         Spirit   .   (helmet restricted)
rElec    .         Reflect  .   (no cloak)
rCorr    .         Harm     .   (no gloves)
MR       .....     NoTele   +   (boots unavailable)
Stlth    ++........             (no amulet)
Regen    0.6/turn               C - +6 ring of intelligence
MPRegen  0.3/turn               B - +6 ring of intelligence

@: no status effects
A: beak, talons 3, able to fly 1
a: Fly, Renounce Religion


You were in the Dungeon.
You worshipped Vehumet.
Vehumet was exalted by your worship.
You were not hungry.

You visited 1 branch

Inventory:

Hand Weapons
 J - the +6 Majin-Bo (weapon) {vamp, Archmagi MP+6 Int+6}
   (You found it in the Dungeon)

   It inflicts no extra harm, but heals its wielder when it wounds a living foe.
   It affects your intelligence (+6).
   It affects your magic capacity (+6).
Armour
 a - a +0 robe
 N - a +0 troll leather armour (worn)
Magical Staves
 z - an uncursed staff of energy
 E - an uncursed staff of conjuration
Jewellery
 B - a +6 ring of intelligence (right hand)
 C - a +6 ring of intelligence (left hand)
Wands
 F - a wand of disintegration (7/24)
 G - a wand of iceblast (5/15)
 H - a wand of lightning (5/15)
 I - a wand of acid (5/15)
Scrolls
 i - 2 scrolls of blinking
 m - a scroll of brand weapon
 p - 4 scrolls of amnesia
 q - 3 scrolls of recharging
 r - 7 scrolls of fog
 s - a scroll of holy word
 t - 5 scrolls of identify
 u - 5 scrolls of remove curse
 v - 2 scrolls of fear
Potions
 d - 10 potions of curing
 e - 14 potions of heal wounds
 f - 6 potions of haste
 g - 7 potions of magic
 h - 3 potions of berserk rage
 j - 2 potions of brilliance
 k - 2 potions of invisibility
 l - 4 potions of resistance
 n - 5 potions of agility
 o - 5 potions of might
Books
 b - a book of Flames

   Spells                             Type                      Level
   a - Flame Tongue                   Conjuration/Fire             1
   b - Throw Flame                    Conjuration/Fire             2
   c - Conjure Flame                  Conjuration/Fire             3
   d - Inner Flame                    Hexes/Fire                   3
   e - Sticky Flame                   Conjuration/Fire             4
   f - Fireball                       Conjuration/Fire             5
 K - Sif Muna's Grimoire of the Vitriolic Entourage
   (You found it in the Dungeon)

   Spells                             Type                      Level
   a - Ignite Poison                  Fire/Transmutation/Poison    3
   b - Spider Form                    Transmutation/Poison         3
   c - Summon Ice Beast               Ice/Summoning                4
   d - Malign Gateway                 Summoning/Translocation      7
 L - the Catalogue of Fiery Beguiling
   (You found it in the Dungeon)

   Spells                             Type                      Level
   a - Flame Tongue                   Conjuration/Fire             1
   b - Throw Flame                    Conjuration/Fire             2
   c - Fulminant Prism                Conjuration/Hexes            4
   d - Yara's Violent Unravelling     Hexes/Transmutation          5
   e - Ring of Flames                 Charms/Fire                  7
 O - a book of Annihilations

   Spells                             Type                      Level
   a - Poison Arrow                   Conjuration/Poison           6
   b - Chain Lightning                Conjuration/Air              8
   c - Lehudib's Crystal Spear        Conjuration/Earth            8
   d - Glaciate                       Conjuration/Ice              9
   e - Fire Storm                     Conjuration/Fire             9
Miscellaneous
 y - a lightning rod (4/4)
 A - a crystal ball of energy
 M - a lamp of fire
Comestibles
 c - 5 bread rations
 w - 40 fruits
 x - 4 meat rations
 D - 4 chunks of flesh


   Skills:
 - Level 4.3 Fighting
 - Level 5.7 Dodging
 - Level 4.3 Stealth
 - Level 9.7 Spellcasting
 - Level 1.8 Conjurations
 * Level 5.5 Summonings
 - Level 17.9 Fire Magic
 - Level 12.7 Evocations


You had 6 spell levels left.
You knew the following spells:

 Your Spells              Type           Power        Failure   Level  Hunger
a - Flame Tongue          Conj/Fire      #####        1%          1    None
b - Throw Flame           Conj/Fire      ######       1%          2    None
c - Conjure Flame         Conj/Fire      #######.     1%          3    None
d - Inner Flame           Hex/Fire       #######.     1%          3    None
e - Sticky Flame          Conj/Fire      #######.     1%          4    None
f - Fireball              Conj/Fire      #######...   1%          5    ###....
g - Summon Ice Beast      Ice/Summ       ######..     11%         4    None


Dungeon Overview and Level Annotations

Branches:
Dungeon (1/1)

Altars:
Ashenzari
Cheibriados
Dithmenos
Elyvilon
Fedhas
Gozag
Hepliaklqana
Kikubaaqudgha
Makhleb
Nemelex Xobeh
Okawaru
Qazlal
Ru
Sif Muna
Trog
Uskayaw
Vehumet
Xom
Yredelemnul
Zin
The Shining One
Beogh
Jiyva
Lugonu


Innate Abilities, Weirdness & Mutations

You have a beak for a mouth.
You have claws for feet.
You can fly.


Message History

The cyclops moves out of view.
Found six items.
Casting: Throw Flame
Confirm with . or Enter, or press ? or * to list all spells.
Aiming: Fireball
Press: ? - help, Shift-Dir - straight line, f - cyclops
Aim: a cyclops You feel a surge of power!
The fireball explodes!
The fireball engulfs the cyclops.
The cyclops is heavily wounded.
The fireball engulfs the yaktaur.
The yaktaur is severely wounded.
The yaktaur shouts!
The fireball engulfs the cyclops.
The cyclops is severely wounded.
The cyclops shouts!
The centaur wields a shortbow.
The centaur shoots an arrow.
The arrow hits you!
* * * LOW HITPOINT WARNING * * *
The yaktaur wields an arbalest.
The yaktaur shoots a bolt.
The bolt hits you!!
You die...

▓..8©8..▓
▓..Cc[[...▓....}..▓
▓...ccCC..▓..(}}..▓
▓.........▓...))..▓
▓.........▓...)...▓
▓.........▓.......▓
▓.........▓.......▓
▓.▓.....▓.▓.▓...▓.▓
▓....@....▓...(...▓
▓▓▓▓▓▓▓▓▓▓▓▓▓▓▓▓▓▓▓
▓..8©8..▓ ▓..)....▓
▓...))..▓ ▓...)...▓
▓.......▓ ▓.......▓
▓...)...▓


You could see 3 cyclopes, a yaktaur and 2 centaurs.

Vanquished Creatures
  6 two-headed ogres (D)
  A cyclops (D)
  2 merfolk (D)
  A troll (D)
  A polar bear (D)
  A water moccasin (D)
  An ogre (D)
  4 centaurs (D)
  4 scorpions (D)
  3 orc priests (D)
  2 orc wizards (D)
  3 adders (D)
  A ball python simulacrum (D)
30 creatures vanquished.

Notes
Turn   | Place    | Note
-------+----------+-------------------------------------------
     0 | D        | Kingsmith the Tengu Fire Elementalist began the quest for the Orb.
     0 | D        | Reached XP level 1. HP: 10/10 MP: 4/4
     0 | D        | Found a deep blue altar of Sif Muna.
     0 | D        | Found a bloodstained altar of Trog.
     0 | D        | Found a sacrificial altar of Ru.
     0 | D        | Found a stormy altar of Qazlal.
     0 | D        | Found an iron altar of Okawaru.
     2 | D        | Found a sparkling altar of Nemelex Xobeh.
     3 | D        | Found a blossoming altar of Fedhas.
     5 | D        | Found a transporter.
     5 | D        | Found an ancient bone altar of Kikubaaqudgha.
     5 | D        | Found a viscous altar of Jiyva.
     5 | D        | Found a corrupted altar of Lugonu.
     5 | D        | Found a hazy altar of Hepliaklqana.
     5 | D        | Found a burning altar of Makhleb.
     5 | D        | Found an opulent altar of Gozag.
    43 | D        | Became a worshipper of Vehumet
   159 | D        | Entered arena 2.
   159 | D        | Noticed a polar bear
   159 | D        | Found a transporter.
   163 | D        | Killed a polar bear
   163 | D        | Reached skill level 5 in Dodging
   163 | D        | Reached skill level 9 in Fire Magic
   163 | D        | Reached skill level 1 in Evocations
   163 | D        | Reached XP level 2. HP: 13/15 MP: 8/8
   163 | D        | Reached XP level 3. HP: 16/19 MP: 10/10
   163 | D        | Reached XP level 4. HP: 21/24 MP: 11/11
   163 | D        | Gained mutation: You can fly. [Tengu growth]
   163 | D        | Reached XP level 5. HP: 24/28 MP: 12/13
   169 | D        | Reached skill level 13 in Fire Magic
   169 | D        | Reached XP level 6. HP: 28/32 MP: 13/14
   173 | D        | Learned a level 2 spell: Throw Flame
   178 | D        | Learned a level 3 spell: Conjure Flame
   182 | D        | Learned a level 3 spell: Inner Flame
   187 | D        | Learned a level 4 spell: Sticky Flame
   190 | D        | Entered arena 3.
   190 | D        | Noticed a two-headed ogre
   190 | D        | Noticed a two-headed ogre
   190 | D        | Noticed a two-headed ogre
   190 | D        | Found a transporter.
   201 | D        | Killed a two-headed ogre
   201 | D        | Reached * piety under Vehumet
   201 | D        | Offered knowledge of Shock by Vehumet.
   201 | D        | Reached skill level 15 in Fire Magic
   201 | D        | Reached XP level 7. HP: 22/36 MP: 9/18
   201 | D        | Reached XP level 8. HP: 25/41 MP: 9/20
   203 | D        | Killed a two-headed ogre
   203 | D        | Reached skill level 17 in Fire Magic
   204 | D        | Killed a two-headed ogre
   204 | D        | Reached XP level 9. HP: 21/45 MP: 10/23
   271 | D        | Got the amulet "Qoupn" {Faith rF+ Int+4}
   281 | D        | Learned a level 5 spell: Fireball
   387 | D        | Entered arena 4.
   387 | D        | Found a transporter.
   390 | D        | Reached ** piety under Vehumet
   390 | D        | Offered knowledge of Searing Ray by Vehumet.
   390 | D        | Reached skill level 1 in Fighting
   409 | D        | Entered arena 5.
   409 | D        | Found a transporter.
   410 | D        | Reached *** piety under Vehumet
   574 | D        | Entered arena 6.
   574 | D        | Found a transporter.
   575 | D        | Offered knowledge of Ignite Poison by Vehumet.
   575 | D        | Reached **** piety under Vehumet
   576 | D        | Reached ***** piety under Vehumet
   576 | D        | Reached skill level 5 in Evocations
   588 | D        | Identified Sif Muna's Grimoire of the Vitriolic Entourage (You found it in the Dungeon)
   590 | D        | Identified Sif Muna's Grimoire of the Vitriolic Entourage (You found it in the Dungeon)
   596 | D        | Learned a level 4 spell: Summon Ice Beast
   607 | D        | Entered arena 7.
   607 | D        | Noticed a cyclops
   607 | D        | Noticed a two-headed ogre
   607 | D        | Noticed a two-headed ogre
   607 | D        | Noticed a troll
   607 | D        | Noticed a two-headed ogre
   609 | D        | Killed a two-headed ogre
   609 | D        | Reached XP level 10. HP: 45/55 MP: 19/24
   609 | D        | Killed a two-headed ogre
   609 | D        | Reached skill level 10 in Evocations
   612 | D        | Killed a cyclops
   612 | D        | Killed a two-headed ogre
   613 | D        | Found a transporter.
   620 | D        | Identified the Catalogue of Fiery Beguiling (You found it in the Dungeon)
   688 | D        | Entered arena 8.
   689 | D        | Reached skill level 1 in Summonings
   692 | D        | Reached ****** piety under Vehumet
   697 | D        | Reached skill level 5 in Summonings
   698 | D        | Found a transporter.
   788 | D        | Entered arena 9.
   788 | D        | Noticed a cyclops
   788 | D        | Noticed a cyclops
   788 | D        | Noticed a cyclops
   788 | D        | Noticed a cyclops
   789 | D        | Shot with a bolt by a yaktaur

Skill      XL: |  1  2  3  4  5  6  7  8  9 10 |
---------------+-------------------------------+-----
Dodging        | 5 |  5.7
Stealth        | 4 |  4.3
Spellcasting   | 4 7 9 |  9.7
Fire Magic     | 9 13 15 17 | 17.9
Evocations     | 1 8 12 | 12.7
Fighting       | 2 4 |  4.3
Summonings     | 5 |  5.5
Conjurations   | |  1.8

Action                   |  1- 3 |  4- 6 |  7- 9 | 10-12 || total
-------------------------+-------+-------+-------+-------++-------
Melee: Quarterstaff      |       |       |     1 |       ||     1
 Cast: Flame Tongue      |       |     3 |       |       ||     3
       Throw Flame       |       |     1 |     8 |     2 ||    11
       Sticky Flame      |       |     1 |     1 |       ||     2
       Inner Flame       |       |     1 |       |       ||     1
       Fireball          |       |       |     3 |     6 ||     9
Evoke: Lightning rod     |     3 |     1 |     4 |     4 ||    12
       Lamp of fire      |       |       |       |     1 ||     1
  Use: Potion            |       |     1 |       |       ||     1
       Scroll            |       |     2 |       |       ||     2
  Eat: Fruit             |     2 |       |       |       ||     2
       Chunk             |       |       |     1 |     2 ||     3
Armor: Robe              |     1 |       |       |       ||     1
Dodge: Dodged            |     4 |     2 |     3 |     6 ||    15
